 Dungeon Crawl Stone Soup version 0.23.2-1-ga50397a (webtiles) character file.

Game seed: 14241923916029607275

469 Magicfruit the Cudgeler (level 7, 0/53 HPs)
             Began as a Human Fighter on May 30, 2019.
             Was an Initiate of Okawaru.
             Succumbed to an orc wizard's poison
             ... on level 3 of the Dungeon.
             The game lasted 00:12:39 (3216 turns).

Magicfruit the Cudgeler (Human Fighter)             Turns: 3216, Time: 00:12:40

Health: 0/53       AC: 18    Str: 17 (18) XL:     7   Next: 30%
Magic:  7/7        EV: 10    Int:  6 (9)  God:    Okawaru [......]
Gold:   100        SH:  9    Dex: 16 (17) Spells: 6/6 levels left

rFire    . . .     SeeInvis .   d - +2 mace (protect)
rCold    + . .     Gourm    .   c - +0 shield
rNeg     . . .     Faith    .   i - +0 chain mail
rPois    .         Spirit   .   e - +0 helmet
rElec    .         Reflect  .   g - +0 cloak
rCorr    .         Harm     .   (no gloves)
MR       .....                  (no boots)
Stlth    ..........             (no amulet)
HPRegen  0.17/turn              h - ring of protection from cold
MPRegen  0.10/turn              (no ring)

@: agile, lethally poisoned (0 -> -11), protection aura
A: no striking features
a: Renounce Religion


You were on level 3 of the Dungeon.
You worshipped Okawaru.
Okawaru was noncommittal.
You were not hungry.

You visited 2 branches of the dungeon, and saw 5 of its levels.

You collected 100 gold pieces.

Inventory:

Hand Weapons
 a - a +0 long sword
 d - a +2 mace of protection (weapon)
Armour
 b - a +0 scale mail
 c - a +0 shield (worn)
 e - a +0 helmet (worn)
 g - a +0 cloak (worn)
 i - a +0 chain mail (worn)
Jewellery
 h - a ring of protection from cold (left hand)
Scrolls
 j - a scroll of identify
 k - 2 scrolls of remove curse
Potions
 l - a potion of agility


   Skills:
 + Level 3.8 Fighting
 - Level 2.8 Long Blades
 + Level 4.3 Maces & Flails
 + Level 4.2 Armour
 + Level 1.2 Dodging
 + Level 4.1 Shields


You had 6 spell levels left.
You didn't know any spells.
Your spell library was empty.

Dungeon Overview and Level Annotations

Branches:
Dungeon (4/15)             Temple (1/1) D:4

Altars:
Ashenzari
Cheibriados
Elyvilon
Fedhas
Gozag
Hepliaklqana
Kikubaaqudgha
Makhleb
Nemelex Xobeh
Okawaru
Qazlal
Sif Muna
Trog
Uskayaw
Wu Jian
Xom
Yredelemnul
Zin
The Shining One

Annotations:
D:4 Blork the orc, Robin


Message History

The orc wizard is moderately wounded.
* * * LOW HITPOINT WARNING * * *
You feel sick. You block the orc wizard's attack.
You hit the orc wizard but do no damage.
The orc wizard is moderately wounded.
* * * LOW HITPOINT WARNING * * *
You feel sick.
The orc wizard gestures at you while chanting.
You resist with some effort.
The orc wizard hits you but does no damage.
You are more poisoned.
Unknown command.
Unknown command.
You sock the orc wizard!
The orc wizard is almost dead.
* * * LOW HITPOINT WARNING * * *
You feel sick. You block the orc wizard's attack.
You closely miss the orc wizard.
The orc wizard is almost dead.
You die...

##### ....## 8.8..#
.....# .....# ###
.....############.#
..................#
....#.###########.#
......o.§§o§§§oo@.#
....#.#############
8.8.#.# ....#o#
#..##)# #.###.# ..
#.# ... ###


You could see an orc wizard and an orc.

Vanquished Creatures
  Sigmund (D:2)
  A phantom (D:4)
  A howler monkey (D:3)
  Terence (D:2)
  An iguana (D:4)
  3 adders
  3 oozes
  3 worms (D:2)
  A dart slug (D:1)
  4 leopard geckos
  2 orcs (D:3)
  4 giant cockroaches
  9 goblins
  7 hobgoblins
  3 quokkas
  10 bats
  9 frilled lizards
  12 kobolds
  6 rats
81 creatures vanquished.

Notes
Turn   | Place    | Note
-------+----------+-------------------------------------------
     0 | D:1      | Magicfruit the Human Fighter began the quest for the Orb.
     0 | D:1      | Reached XP level 1. HP: 18/18 MP: 1/1
    80 | D:1      | Reached XP level 2. HP: 12/24 MP: 2/2
   506 | D:1      | Reached XP level 3. HP: 23/29 MP: 3/3
  1213 | D:2      | Noticed Terence
  1249 | D:2      | Killed Terence
  1249 | D:2      | Reached XP level 4. HP: 32/35 MP: 4/4
  1450 | D:2      | Reached XP level 5. HP: 41/41 MP: 5/5
  1510 | D:2      | Reached skill level 1 in Maces & Flails
  1630 | D:2      | Found a blossoming altar of Fedhas.
  1632 | D:2      | Found a basalt altar of Yredelemnul.
  1693 | D:2      | Found an ancient bone altar of Kikubaaqudgha.
  1695 | D:2      | Found a glowing silver altar of Zin.
  1818 | D:2      | Noticed Sigmund
  1843 | D:2      | Killed Sigmund
  1843 | D:2      | Reached skill level 1 in Dodging
  1843 | D:2      | Reached XP level 6. HP: 28/48 MP: 6/6
  2203 | D:3      | Found a glowing golden altar of the Shining One.
  2497 | D:3      | Found a hide-covered altar of Uskayaw.
  2608 | D:4      | Reached XP level 7. HP: 19/53 MP: 7/7
  2910 | D:4      | Found a staircase to the Ecumenical Temple.
  2935 | Temple   | Entered the Ecumenical Temple
  3012 | Temple   | Became a worshipper of Warmaster Okawaru
  3150 | D:4      | Noticed Robin
  3151 | D:4      | Noticed Blork the orc
  3215 | D:3      | HP: 1/53 [poisoned by an orc wizard]
  3216 | D:3      | Succumbed to an orc wizard's poison

Skill      XL: |  1  2  3  4  5  6  7 |
---------------+----------------------+-----
Maces & Flails | 3 4 |  4.3
Armour         | 4 |  4.2
Dodging        | 1 |  1.2
Shields        | 4 |  4.1
Fighting       | |  3.8
Long Blades    | |  2.8

Action                   |  1- 3 |  4- 6 |  7- 9 || total
-------------------------+-------+-------+-------++-------
Melee: Long sword        |   130 |     4 |       ||   134
       Mace              |       |   115 |    69 ||   184
  Use: Scroll            |     4 |     4 |     1 ||     9
       Potion            |     1 |     6 |     1 ||     8
  Eat: Ration            |     1 |     1 |     1 ||     3
Armor: Scale mail        |    89 |       |       ||    89
       Chain mail        |    11 |    77 |    81 ||   169
Dodge: Dodged            |    59 |    14 |    34 ||   107
Block: Shield            |    81 |    61 |    61 ||   203
       Rpst.: Long sword |    22 |       |       ||    22
